AoeStats
← Grey

Arena

503966983Analyzed
1v1 RM · 1mo ago on Sep 3, 2026· 70m 4s· 2 players
Game mode
Random Map
Map size
Tiny (2 player)
Population
200
Speed
Normal
Resources
Standard
Victory
Conquest
Starting age
Dark Age
Ending age
Imperial Age
RankedLock teamsTeams togetherTeam positionsShared explorationLock speedFull tech treeHidden civsTurbo modeCheats
Victory
Defeat
🇨🇳 Jurchens · China
849
+18
🇺🇸 Goths · United States
896
-38
TOUSAKI
11:58 Feudal Age
12:30 Horse Collar
14:26 Loom
19:50 Castle Age
17:45 Gold Mining
18:36 Double-Bit Axe
18:48 Stone Mining
20:56 Heavy Plow
21:10 Bow Saw
32:14 Imperial Age
33:17 Wheelbarrow
33:53 Crop Rotation
34:31 Fortified Wall
36:09 Pikeman
39:29 Chemistry
38:48 Forging
38:39 Scale Mail Armor
38:30 Fletching
38:42 Halberdier
39:40 Heavy Rocket Cart
41:07 Conscription
41:55 Thunderclap Bombs
42:39 Iron Casting
42:19 Chain Mail Armor
42:00 Bodkin Arrow
41:44 Light Cavalry
42:35 Bloodlines
43:03 Hussar
47:50 Two-Man Saw
48:24 Murder Holes
52:05 Scale Barding Armor
53:00 Blast Furnace
54:49 Chain Barding Armor
54:31 Bracer
54:32 Padded Archer Armor
57:26 Leather Archer Armor
57:46 Plate Barding Armor
60:51 Hand Cart
Grey
4:24 Loom
10:59 Feudal Age
11:37 Gold Mining
13:25 Wheelbarrow
12:39 Man-at-Arms
13:21 Scale Mail Armor
13:17 Double-Bit Axe
14:46 Wheelbarrow
16:07 Forging
17:09 Stone Mining
17:59 Loom
25:44 Castle Age
25:24 Bloodlines
26:16 Scale Barding Armor
27:57 Bow Saw
28:19 Chain Barding Armor
30:06 Iron Casting
31:30 Husbandry
32:35 Hand Cart
33:03 Chain Mail Armor
36:28 Town Watch
36:27 Horse Collar
38:34 Squires
38:29 Fletching
42:34 Imperial Age
41:13 Stone Shaft Mining
40:49 Town Patrol
42:25 Bodkin Arrow
42:44 Cavalier
44:35 Blast Furnace
43:08 Elite Huskarl
47:33 Capped Ram
55:24 Padded Archer Armor
55:50 Heavy Plow
55:46 Elite Skirmisher
56:31 Bracer
60:10 Leather Archer Armor
70:51 Two-Man Saw
Connection lost

Rejoining the realm…

Still unreachable

The connection could not be restored.

Session expired

The server has moved on; the page needs a fresh start.